 Dungeon Crawl Stone Soup version 0.27-a0-887-gcab673c142 (webtiles) character file.

Game seed: 16182428084979336309

141 rageheart7 the Poker (level 5, 0/43 HPs)
             Began as a Merfolk Gladiator on Apr 4, 2021.
             Was a Follower of Uskayaw.
             Slain by a gnoll
             ... wielding a +0 halberd
              (10 damage)
             ... on level 4 of the Dungeon.
             The game lasted 00:02:42 (2341 turns).

rageheart7 the Poker (Merfolk Gladiator)            Turns: 2341, Time: 00:02:43

Health: 0/43       AC: 10    Str: 14 (16) XL:     5   Next: 24%
Magic:  5/5        EV:  7    Int:  4 (7)  God:    Uskayaw [*.....]
Gold:   138        SH:  0    Dex: 14 (15) Spells: 4/4 levels left

rFire    . . .     SeeInvis .   a - +0 trident
rCold    + . .     Faith    .   (no shield)
rNeg     . . .     Spirit   .   n - +1 chain mail {rC+}
rPois    .         Reflect  .   c - +0 helmet
rElec    .         Harm     .   (no cloak)
rCorr    .         Rampage  .   (no gloves)
Will     .....                  (no boots)
Stlth    ..........             (no amulet)
HPRegen  0.14/turn              (no ring)
MPRegen  0.09/turn              (no ring)

@: no status effects
A: (nimble swimmer 2), mertail
a: Renounce Religion, Stomp


You were on level 4 of the Dungeon.
You worshipped Uskayaw.
Uskayaw was noncommittal.
You visited 1 branch of the dungeon, and saw 4 of its levels.

You collected 138 gold pieces.

Inventory:

Hand Weapons
 a - a +0 trident (weapon)
Missiles
 d - 3 throwing nets (quivered)
Armour
 c - a +0 helmet (worn)
 n - a +1 chain mail of cold resistance (worn)
Scrolls
 e - a scroll of noise {unknown}
 f - a scroll of holy word {unknown}
 g - a scroll of identify {unknown}
 i - 2 scrolls of fear {unknown}
 j - a scroll of immolation {unknown}
 m - a scroll of acquirement {unknown}
Potions
 b - a potion of cancellation {unknown}
 h - a potion of degeneration
 k - a potion of might {unknown}
 l - 2 potions of attraction {unknown}


   Skills:
 * Level 4.3 Fighting
 * Level 6.6 Polearms
 - Level 2.0 Throwing
 - Level 4.0 Dodging


You had 4 spell levels left.
You didn't know any spells.
Your spell library was empty.

Dungeon Overview and Level Annotations

Branches:
Dungeon (4/15)
 Temple: D:4-7

Altars:
Uskayaw


Innate Abilities, Weirdness & Mutations

((You are quick and stealthy near water. (Stealth+, EV+, Speed+++)))
Your lower body shifts to a powerful aquatic tail in water.


Message History

The gnoll hits you but does no damage. x2
The orc hits you with a +1 flail of protection.
Reach: a) +0 trident
Press: ? - help, Dir - move target, f/p - orc
Aim: an orc, wielding a +1 flail of protection and wearing a +0 ring mail (severely wounded, about 35% to evade your +0 trident)
You hit the orc but do no damage.
The orc is severely wounded.
The gnoll barely misses you.
The gnoll hits you from afar with a +0 halberd.
The orc hits you but does no damage.
You hit the orc.
The orc is almost dead.
The gnoll hits you from afar with a +0 halberd.
The gnoll barely misses you. The orc closely misses you.
You hit the orc but do no damage.
The orc is almost dead.
The gnoll closely misses you.
The gnoll hits you from afar with a +0 halberd!
* * * LOW HITPOINT WARNING * * *
The orc hits you but does no damage.
You hit the orc.
You kill the orc!
It was a potion of degeneration.
There was something very wrong with that liquid.
You feel weakened.
You feel dopey.
You feel clumsy.
The gnoll hits you from afar with a +0 halberd.
* * * LOW HITPOINT WARNING * * *
It was a potion of curing.
You feel better. The gnoll hits you but does no damage.
The gnoll hits you from afar with a +0 halberd.
You feel better. The gnoll hits you but does no damage.
The gnoll hits you from afar with a +0 halberd!
Found a scroll labelled YHI YLIFFITEROEPS.
Found a stone staircase leading up.
A jackal comes into view.
The jackal barks!
The gnoll hits you from afar with a +0 halberd!
* * * LOW HITPOINT WARNING * * *
The gnoll hits you from afar with a +0 halberd!
You die...

####.....#.......##.....
.................##.....
....<#.#............(..>
.....#....†..(.....#####
..................###
....#...............<
.........g....#......
....#...g....#.......
... #.@...........#.#.
#..................
#.........#.#......
............##.....
#...................
?................[..
h##.##.#####......... ..
#..................
.....#.....<.......


You could see 2 gnolls and a jackal.

Vanquished Creatures
  Jessica (D:2)
  An orc wizard (D:3)
  An adder (D:3)
  An adder zombie (D:4)
  A worm (D:4)
  3 dart slugs
  5 orcs
  8 endoplasms
  3 giant cockroaches
  4 goblins
  5 hobgoblins
  5 jackals
  A quokka (D:1)
  6 ball pythons
  5 bats
  4 frilled lizards
  5 kobolds
  A rat (D:1)
60 creatures vanquished.

Notes
Turn   | Place    | Note
-------+----------+-------------------------------------------
     0 | D:1      | rageheart7 the Merfolk Gladiator began the quest for the
                  | Orb.
     0 | D:1      | Reached XP level 1. HP: 16/16 MP: 1/1
    69 | D:1      | Reached XP level 2. HP: 21/23 MP: 2/2
   503 | D:1      | Found a faded altar of an unknown god.
   508 | D:1      | Reached skill level 5 in Polearms
   514 | D:1      | Became a worshipper of Uskayaw the Reveller
   514 | D:1      | Reached * piety under Uskayaw
   521 | D:1      | Reached ** piety under Uskayaw
   524 | D:1      | Reached *** piety under Uskayaw
   529 | D:1      | Reached **** piety under Uskayaw
   626 | D:1      | Reached XP level 3. HP: 29/29 MP: 3/3
   950 | D:2      | Noticed Jessica
   953 | D:2      | Killed Jessica
   961 | D:2      | Reached XP level 4. HP: 31/35 MP: 4/4
  1461 | D:3      | Reached skill level 6 in Polearms
  1756 | D:3      | Reached XP level 5. HP: 41/42 MP: 5/5
  2341 | D:4      | Slain by a gnoll

Illustrated notes

Levels and vault maps discovered:
D:1:      lemuel_arrival_lava_pool, layout_basic, ebering_ecumenical_altar_ruins
D:2:      layout_rooms, minivault_23, small_statue_intersection, uniq_jessica
D:3:      layout_loops_ring
D:4:      layout_rooms, chequers_temple_overflow_statue_of_worship

Skill      XL: |  1  2  3  4 |
---------------+-------------+-----
Polearms       | 5 6 |  6.6
Fighting       | 3 4 |  4.3
Throwing       | |  2.0
Dodging        | |  4.0

Action                   |  1- 3 |  4- 6 || total
-------------------------+-------+-------++-------
Melee: Trident           |    73 |   111 ||   184
  Use: Potion            |       |     3 ||     3
 Stab: Paralysed         |     2 |     1 ||     3
Armor: Leather armour    |    21 |     2 ||    23
       Chain mail        |       |    35 ||    35
Dodge: Dodged            |    32 |    35 ||    67

Table legend: (Time is in decaauts)
 A = Elapsed time spent in this place.
 B = Non-inter-level travel time spent in this place.
 C = Inter-level travel time spent in this place.
 D = Time resting spent in this place.
 E = Time spent auto-exploring this place.
 F = Levels seen in this place.
 G = Mean time per level.
                   A        B        C        D        E       F      G
               +--------+--------+--------+--------+--------+-----+--------+
         Total |   2348 |   2309 |     39 |      0 |   1937 |   4 |  587.0 |
       Dungeon |   2348 |   2309 |     39 |      0 |   1937 |   4 |  587.0 |
               +--------+--------+--------+--------+--------+-----+--------+

Top non-repeatable levels by time:
     D:1: 915 daAuts
     D:3: 665 daAuts
     D:2: 484 daAuts
     D:4: 283 daAuts
